 Dungeon Crawl Stone Soup version 0.30-a0-377-g5cb311bc9f (webtiles) character file.

Game seed: 7114407175876074616

260 Decritt the Magician (level 6, 0/47 HPs)
             Began as a Djinni Air Elementalist on Nov 28, 2022.
             Slain by Natasha (9 damage)
             ... on level 3 of the Dungeon.
             The game lasted 00:08:04 (2886 turns).

Decritt the Magician (Djinni Air Elementalist)      Turns: 2886, Time: 00:08:05

Health: 0/47       AC:  3    Str:  7    XL:     6   Next: 41%
Gold:   121        EV: 12    Int: 32    God:
                   SH:  0    Dex: 13

rFire   + + .      SeeInvis .    y - +7 mace of the Ancient Stories {pain, rPois Int+7}
rCold   x . .      Faith    .    (no shield)
rNeg    . . .      Spirit   .    a - +1 robe
rPois   ∞          Reflect  .    (no helmet)
rElec   .          Harm     .    (no cloak)
rCorr   .          Rampage  .    (no gloves)
Will    .....                    (boots unavailable)
Stlth   ++........               (no amulet)
HPRegen 0.27/turn                j - +6 ring of intelligence
MPRegen 0.00/turn                n - ring of willpower

@: about to teleport, weak-willed, flying
A: sickness immunity, fire resistance 2, cold vulnerability 1, float, innate
caster, HP casting, extra vitality 1
a: no special abilities


You were on level 3 of the Dungeon.
You visited 1 branch of the dungeon, and saw 4 of its levels.

You collected 121 gold pieces.

Inventory:

Hand Weapons
 y - the +7 mace of the Ancient Stories (weapon) {pain, rPois Int+7}
   (You found it on level 3 of the Dungeon)

   In the hands of one skilled in necromantic magic, it inflicts extra damage on
   living creatures.
   Your inability to study Necromancy prevents you from drawing on the full
   power of this weapon.
   Int:       It affects your intelligence (+7).
   rPois:     It protects you from poison.
 z - the +3 flail "Muig" {vorpal, rElec Int+4}
   (You found it on level 3 of the Dungeon)

   It inflicts extra damage upon your enemies.
   Int:       It affects your intelligence (+4).
   rElec:     It insulates you from electricity.
Armour
 a - a +1 robe (worn)
Magical Staves
 l - a staff of poison
Jewellery
 j - a +6 ring of intelligence (left hand)
 n - a ring of willpower (right hand)
 p - a ring of protection from fire
Scrolls
 i - 4 scrolls of teleportation
 u - a scroll of summoning
Potions
 f - a potion of resistance {unknown}
 k - a potion of magic {unknown}
 m - a potion of brilliance {unknown}
 q - a potion of heal wounds
 v - a potion of ambrosia {unknown}
 x - a potion of cancellation
 A - a potion of attraction


   Skills:
 * Level 4.0 Fighting
 - Level 2.1 Dodging
 - Level 1.5 Stealth
 + Level 4.0 Spellcasting


You couldn't memorise any spells.
You knew the following spells:

 Your Spells              Type           Power      Damage    Failure   Level
a - Shock                 Conj/Air       100%       1d9       1%          1
b - Airstrike             Air            16%        2d(3-19)  11%         4
c - Summon Small Mammal   Summ           100%       N/A       1%          1
d - Static Discharge      Conj/Air       64%        2-5/arc   1%          2
e - Swiftness             Air            32%        N/A       3%          3
f - Call Imp              Summ           32%        N/A       1%          2
Your spell library was empty.

Dungeon Overview and Level Annotations

Branches:
Dungeon (4/15)
 Temple: D:4-7

Altars:
Nemelex Xobeh
Qazlal

Shops:
D:1 :

Annotations:
D:3 Natasha


Innate Abilities, Weirdness & Mutations

You are immune to sickness and miasma.
You are immune to poison.
Your flesh is very heat resistant. (rF++)
You are vulnerable to cold. (rC-)
You float through the air rather than walking.
You learn spells naturally, not from books.
Your magical power is your life essence.
You have superior vitality. (+4 MHP)


Message History

A killer bee comes into view.
The zap hits Natasha but does no damage.
Natasha is moderately wounded.
The zap hits Natasha.
Natasha is heavily wounded.
Natasha casts a spell.
You closely miss the killer bee. The killer bee closely misses you.
A killer bee comes into view.
Natasha mumbles some strange words.
You feel disoriented. The killer bee stings you! Natasha claws you!
The killer bee attacks as you move away!
The killer bee stings you.
* * * LOW HITPOINT WARNING * * *
Natasha attacks as you move away! Natasha misses you.
Found 10 gold pieces.
The killer bee buzzes angrily.
The killer bee misses you. The hobgoblin closely misses you.
The crimson imp blinks!
The killer bee stings you!
* * * LOW HITPOINT WARNING * * *
A killer bee comes into view.
Natasha misses you. The hobgoblin barely misses you.
The killer bee attacks as you move away!
The killer bee misses you. The hobgoblin attacks as you move away!
The hobgoblin closely misses you. Natasha attacks as you move away!
Natasha barely misses you. The killer bee stings you.
* * * LOW HITPOINT WARNING * * *
There is a stone staircase leading up here.
The killer bee buzzes angrily.
The killer bee misses you. Natasha claws you.
* * * LOW HITPOINT WARNING * * *
The killer bee barely misses you.
You fly upwards.
The crimson imp disappears in a puff of smoke!
There is a stone staircase leading down here.
As you read the scroll of teleportation, it crumbles to dust.
You feel strangely unstable. The killer bee stings you.
* * * LOW HITPOINT WARNING * * *
Natasha claws you!
You die...

#.#.# ######.##.# #.# #.#.#
#....#.##.# #.# #.#.#
#.##.#.##.###.# #.#.#
#.#.........#.# #.#.#
#.#..#.##.#.#.#
######.#.#####.#..#.#..#.#.#
.......#........<.#.#..#.#.#
######.##########h#.#.##.#.#
.......# #####.@y.....#.#.#
.##########...#####.#..#.#.#
.......##.......##..#....#.#
.#######...###...#####.#.#.#
.# #..##[##...# #.#.#.# .#
###..†.##...#####..#.# .#
#.######...##...##.#.# .#
##.........##.....###.# .#
##........###..###..##.#


You could see a killer bee and Natasha.

Vanquished Creatures
  An orc priest (D:3)
  An iguana (D:4)
  Jessica (D:3)
  3 gnolls (D:3)
  5 adders
  3 worms
  A dart slug (D:3)
  12 orcs
  8 endoplasms
  4 giant cockroaches
  7 goblins
  7 hobgoblins
  4 quokkas
  6 ball pythons
  8 bats
  4 frilled lizards
  3 kobolds
  4 rats
82 creatures vanquished.

Vanquished Creatures (others)
  A plant (D:3)
1 creature vanquished.

Grand Total: 83 creatures vanquished

Notes
Turn   | Place    | Note
-------+----------+-------------------------------------------
     0 | D:1      | Decritt the Djinni Air Elementalist began the quest for the
                  | Orb.
     0 | D:1      | Decritt set off with the following spells memorised: Shock,
                  | Static Discharge, Swiftness, Airstrike.
     0 | D:1      | Reached XP level 1. HP: 15/15 MP: 0/0
    20 | D:1      | Found Nuwef's Book Shoppe.
   106 | D:1      | Reached XP level 2. HP: 20/22 MP: 0/0
   108 | D:1      | Reached skill level 1 in Fighting
   420 | D:1      | Reached XP level 3. HP: 25/27 MP: 0/0
   420 | D:1      | Learned a level 1 spell: Summon Small Mammal
   891 | D:2      | Reached XP level 4. HP: 28/33 MP: 0/0
  1616 | D:3      | Noticed Jessica
  1619 | D:3      | Killed Jessica
  1620 | D:3      | Reached XP level 5. HP: 38/40 MP: 0/0
  1620 | D:3      | Learned a level 2 spell: Call Imp
  1774 | D:3      | Found a sparkling altar of Nemelex Xobeh.
  1935 | D:3      | Identified the +7 mace of the Ancient Stories {pain, rPois
                  | Int+7}
  2195 | D:3      | Found a stormy altar of Qazlal.
  2284 | D:3      | Identified the +3 flail "Muig" {vorpal, rElec Int+4}
  2304 | D:3      | Reached XP level 6. HP: 45/46 MP: 0/0
  2874 | D:4      | Noticed Natasha
  2886 | D:3      | Slain by Natasha

Illustrated notes

Levels and vault maps discovered:
D:1:      saegor_arrival_miasma, layout_basic, serial_shops, nicolae_shop_stone
D:2:      layout_loops_ring
D:3:      layout_basic, nemelex_dance_club_becter,
          mainiacjoe_overflow_boulevard, minmay_puff, uniq_jessica
D:4:      layout_cave_pools, amcnicky_altar_gilded, uniq_natasha

Skill      XL: |  1  2  3  4  5  6 |
---------------+-------------------+-----
Fighting       | 1 2 3 4 |  4.0
Spellcasting   | 3 4 |  4.0
Dodging        | |  2.1
Stealth        | |  1.5

Action                   |  1- 3 |  4- 6 || total
-------------------------+-------+-------++-------
Melee: Unarmed           |     1 |       ||     1
       Staff             |     6 |    11 ||    17
       Mace              |       |    11 ||    11
 Cast: Shock             |    52 |   105 ||   157
  Use: Scroll            |       |    17 ||    17
Armor: Robe              |     2 |     5 ||     7
Dodge: Dodged            |     7 |    31 ||    38

Table legend: (Time is in decaauts)
 A = Elapsed time spent in this place.
 B = Non-inter-level travel time spent in this place.
 C = Inter-level travel time spent in this place.
 D = Time resting spent in this place.
 E = Time spent auto-exploring this place.
 F = Levels seen in this place.
 G = Mean time per level.
                   A        B        C        D        E       F      G
               +--------+--------+--------+--------+--------+-----+--------+
         Total |   2891 |   2819 |     72 |    276 |   2104 |   4 |  722.8 |
       Dungeon |   2891 |   2819 |     72 |    276 |   2104 |   4 |  722.8 |
               +--------+--------+--------+--------+--------+-----+--------+

Top non-repeatable levels by time:
     D:3: 1193 daAuts
     D:2: 895 daAuts
     D:1: 703 daAuts
     D:4: 99 daAuts
